[Event "GER-ch Blitz Women 2020"]
[Site "Magdeburg"]
[Date "2020.08.15"]
[Round "3.4"]
[White "Leib, Britta"]
[Black "Scognamiglio, Stefanie"]
[Result "0-1"]
[ECO "B24"]
[WhiteElo "1903"]
[BlackElo "2097"]
[Annotator "NA RC"]
[PlyCount "29"]
[EventDate "2020.07.28"]
[EventType "tourn"]
[EventCountry "GER"]
[SourceTitle "playchess.com"]
[Source "ChessBase"]
[SourceQuality "1"]
[TimeControl "180+2"]

1. e4 c5 2. Nc3 Nc6 3. Nf3 d6 4. d4 cxd4 5. Nxd4 g6 6. Be3 Bg7 7. h3 Nf6 8. Be2 O-O 9. O-O Nd5 10. Nxd5 Qa5 11. c3 Nxd4 12. Bxd4 e5 13. Be3 Rd8 14. Qd2 Bf5 15. Rfd1 0-1

[Event "GER-ch Blitz Women 2020"]
[Site "Magdeburg"]
[Date "2020.08.15"]
[Round "3.8"]
[White "Zimmer, Elke"]
[Black "Kosovska, Olena"]
[Result "0-1"]
[ECO "C44"]
[WhiteElo "1952"]
[BlackElo "1881"]
[Annotator "NA"]
[PlyCount "36"]
[EventDate "2020.07.28"]
[EventType "tourn"]
[EventCountry "GER"]
[SourceTitle "playchess.com"]
[Source "ChessBase"]
[SourceQuality "1"]
[TimeControl "180+2"]

1. e4 e5 2. Nf3 Nc6 3. d4 exd4 4. Nxd4 Nf6 5. Nc3 Bb4 6. Nxc6 bxc6 7. Bd3 Bxc3+ 8. bxc3 d6 9. O-O h6 10. Re1 O-O 11. c4 Rb8 12. Bd2 Be6 13. Bc3 Ng4 14. f4 Qh4 15. Qf3 Qxh2+ 16. Kf1 Qh4 17. Ke2 Nh2 18. Qf2 Bg4+ 0-1

[Event "GER-ch Blitz Women 2020"]
[Site "Magdeburg"]
[Date "2020.08.15"]
[Round "4.9"]
[White "Braun, Kristin"]
[Black "Mader, Lena"]
[Result "0-1"]
[ECO "B50"]
[WhiteElo "1918"]
[BlackElo "1839"]
[Annotator "NA"]
[PlyCount "49"]
[EventDate "2020.07.28"]
[EventType "tourn"]
[EventCountry "GER"]
[SourceTitle "playchess.com"]
[Source "ChessBase"]
[SourceQuality "1"]
[TimeControl "180+2"]

1. e4 c5 2. Nf3 d6 3. d4 cxd4 4. Bc4 e6 5. O-O Nf6 6. Qe2 Be7 7. Nxd4 O-O 8. h3 a6 9. a4 Nbd7 10. Rd1 Qc7 11. Nc3 Ne5 12. Bb3 Nc6 13. Be3 Bd7 14. Nxc6 Bxc6 15. a5 Rac8 16. Bb6 Qb8 17. Ba4 Bd8 18. Bxd8 Rfxd8 19. Bxc6 Rxc6 20. Na4 Qc7 21. Nc3 h6 22. Rd2 Rc5 23. Rad1 Ne8 24. Qg4 Rg5 25. Qf4 0-1

[Event "GER-ch Blitz Women 2020"]
[Site "Magdeburg"]
[Date "2020.08.15"]
[Round "6.8"]
[White "Braun, Kristin"]
[Black "Leib, Britta"]
[Result "1/2-1/2"]
[ECO "C01"]
[WhiteElo "1918"]
[BlackElo "1903"]
[Annotator "ChessBase"]
[PlyCount "177"]
[EventDate "2020.07.28"]
[EventType "tourn"]
[EventCountry "GER"]
[SourceTitle "playchess.com"]
[Source "ChessBase"]
[SourceQuality "1"]
[TimeControl "180+2"]

1. e4 e6 2. d4 d5 3. exd5 exd5 4. Nf3 Nf6 5. c4 c6 6. Nc3 Bf5 7. Be2 h6 8. O-O Be7 9. Bf4 dxc4 10. Bxc4 Nbd7 11. Qb3 O-O 12. Ne5 Nh5 13. Nxf7 Qb6 14. Qxb6 Nxb6 15. Nxh6+ Kh7 16. Nxf5 Rxf5 17. Bd3 Nxf4 18. Bxf5+ g6 19. Bc2 Rd8 20. Rad1 Bf6 21. g3 Nh3+ 22. Kg2 Ng5 23. h4 Nf7 24. h5 Nh6 25. Bxg6+ Kg7 26. Ne4 Bxd4 27. Ng5 Kf6 28. Nf3 c5 29. Nxd4 cxd4 30. f3 Rd7 31. Rfe1 Nc4 32. Re4 Nxb2 33. Rdxd4 Rc7 34. Rd2 Nc4 35. Rf4+ Kg7 36. Re2 Ng8 37. g4 Nf6 38. Kf2 b5 39. a4 a6 40. axb5 axb5 41. Rf5 b4 42. Rb5 Nd5 43. Be4 Nc3 44. Rc2 Nxb5 45. Bd3 Nbd6 46. g5 b3 47. Rc1 b2 48. Rb1 Rc5 49. h6+ Kg8 50. h7+ Kg7 51. g6 Rh5 52. Bxc4 Nxc4 53. Ke2 Kxg6 54. Kd3 Ne5+ 55. Kc2 Rh2+ 56. Kb3 Nxf3 57. Rxb2 Rxh7 58. Rg2+ Kf5 59. Ra2 Nd4+ 60. Kc4 Ke4 61. Ra8 Rc7+ 62. Kb4 Kd3 63. Ra3+ Ke4 64. Ra8 Nc6+ 65. Kc5 Ne5+ 66. Kb6 Rc6+ 67. Kb5 Rc1 68. Ra4+ Kd5 69. Rh4 Rb1+ 70. Ka4 Kc5 71. Rh5 Kd4 72. Rh4+ Kc3 73. Rh3+ Nd3 74. Ka5 Kc4 75. Ka6 Nc5+ 76. Ka7 Rb7+ 77. Ka8 Rf7 78. Kb8 Nb3 79. Rh1 Nd4 80. Rc1+ Kd5 81. Rh1 Nc6+ 82. Kc8 Kd6 83. Rd1+ Kc5 84. Rc1+ Kd5 85. Rd1+ Nd4 86. Rh1 Kd6 87. Rd1 Ke5 88. Re1+ Kd5 89. Rd1 1/2-1/2

[Event "GER-ch Blitz Women 2020"]
[Site "Magdeburg"]
[Date "2020.08.15"]
[Round "7.2"]
[White "Leib, Britta"]
[Black "Mader, Lena"]
[Result "0-1"]
[ECO "A16"]
[WhiteElo "1903"]
[BlackElo "1839"]
[Annotator "NA"]
[PlyCount "87"]
[EventDate "2020.07.28"]
[EventType "tourn"]
[EventCountry "GER"]
[SourceTitle "playchess.com"]
[Source "ChessBase"]
[SourceQuality "1"]
[TimeControl "180+2"]

1. c4 Nf6 2. Nc3 g6 3. g3 Bg7 4. Bg2 O-O 5. Nf3 d6 6. O-O e5 7. d3 Nc6 $11 8. Rb1 h6 9. b4 Be6 10. e3 a6 11. a4 Qd7 12. b5 axb5 13. axb5 Ne7 14. Bb2 Ra5 15. Ra1 Rfa8 16. Rxa5 Rxa5 17. Qc2 Qc8 18. Ra1 Qa8 19. Rxa5 Qxa5 20. h3 c6 21. bxc6 bxc6 22. Nd2 Qc7 23. Qa4 Bf8 24. Qa8 Qb6 25. Qa3 Nf5 26. Qb3 Qc7 27. Kh2 Be7 28. Nde4 Nxe4 29. Nxe4 d5 30. cxd5 cxd5 31. Nd2 d4 32. e4 Bxb3 33. exf5 Qc2 34. Nxb3 Qxb3 35. Bc1 Kg7 36. fxg6 fxg6 37. h4 Qxd3 38. h5 gxh5 39. Kh3 h4 40. Kh2 hxg3+ 41. fxg3 Bd6 42. Kh3 e4 43. Bf4 Bxf4 44. Kh2 0-1

[Event "GER-ch Blitz Women 2020"]
[Site "Magdeburg"]
[Date "2020.08.15"]
[Round "7.6"]
[White "Zimmer, Elke"]
[Black "Scognamiglio, Stefanie"]
[Result "0-1"]
[ECO "B24"]
[WhiteElo "1952"]
[BlackElo "2097"]
[Annotator "NA RC"]
[PlyCount "44"]
[EventDate "2020.07.28"]
[EventType "tourn"]
[EventCountry "GER"]
[SourceTitle "playchess.com"]
[Source "ChessBase"]
[SourceQuality "1"]
[TimeControl "180+2"]

1. e4 c5 2. Nc3 Nc6 3. g3 g6 4. Bg2 Bg7 5. d3 e6 6. Be3 b6 7. Qd2 h6 8. Nf3 Nge7 9. O-O d5 $11 10. exd5 exd5 11. d4 c4 12. Rae1 Be6 13. Bf4 g5 14. Be3 Nf5 15. g4 Nxe3 16. Rxe3 Qd7 17. h3 O-O-O 18. Rfe1 h5 19. Ne5 Bxe5 20. dxe5 hxg4 21. hxg4 d4 22. Bxc6 Qxc6 0-1

[Event "GER-ch Blitz Women 2020"]
[Site "Magdeburg"]
[Date "2020.08.15"]
[Round "9.9"]
[White "Zeller, Elisa"]
[Black "Sieber, Fiona"]
[Result "0-1"]
[ECO "B58"]
[WhiteElo "1969"]
[BlackElo "2201"]
[Annotator "RC"]
[PlyCount "126"]
[EventDate "2020.07.28"]
[EventType "tourn"]
[EventCountry "GER"]
[SourceTitle "playchess.com"]
[Source "ChessBase"]
[SourceQuality "1"]
[TimeControl "180+2"]

1. e4 c5 2. Nf3 d6 3. d4 cxd4 4. Nxd4 Nf6 5. Nc3 Nc6 6. Be2 e5 7. Ndb5 a6 8. Na3 b5 9. Nd5 Nxe4 10. Bf3 Bf5 11. Ne3 Bg6 12. O-O Nd4 13. c3 Nxf3+ 14. Qxf3 Be7 15. Nd5 O-O 16. Be3 Rb8 17. Rfd1 f5 18. c4 b4 19. Nb1 f4 20. Bc1 Ng5 21. Nxe7+ Qxe7 22. Qd5+ Kh8 23. Nd2 e4 24. Nb3 f3 25. g3 Nh3+ 26. Kf1 Rbd8 27. Nd4 Bf7 28. Nc6 Bxd5 29. Nxe7 Bxc4+ 30. Ke1 Rfe8 31. Nc6 d5 32. Nxd8 Rxd8 33. Be3 Kg8 34. Rac1 Bb5 35. b3 Kf7 36. Rc7+ Kf6 37. Bd4+ Ke6 38. Rxg7 Rc8 39. Rb7 Rc2 40. Rb6+ Ke7 41. Bf6+ Kf7 42. Rxd5 Re2+ 43. Kd1 Nxf2+ 44. Kc1 Nd3+ 45. Kd1 Re1+ 46. Kc2 Rc1+ 47. Kd2 Rh1 48. Bd4 Rxh2+ 49. Kd1 Rxa2 50. Rb7+ Ke6 51. Rd8 Nf2+ 52. Bxf2 Rxf2 53. Rg8 e3 54. Rb6+ Kf5 55. Rf8+ Kg4 56. Rg8+ Kh3 57. Rh6+ Kg2 58. Re8 e2+ 59. Kd2 Rf1 60. Re3 Rd1+ 61. Kc2 e1=Q 62. Rxe1 Rxe1 63. g4 f2 0-1

[Event "GER-ch Blitz Women 2020"]
[Site "Magdeburg"]
[Date "2020.08.15"]
[Round "13.3"]
[White "Zimmer, Elke"]
[Black "Leib, Britta"]
[Result "1/2-1/2"]
[ECO "C01"]
[WhiteElo "1952"]
[BlackElo "1903"]
[Annotator "RC"]
[PlyCount "66"]
[EventDate "2020.07.28"]
[EventType "tourn"]
[EventCountry "GER"]
[SourceTitle "playchess.com"]
[Source "ChessBase"]
[SourceQuality "1"]
[TimeControl "180+2"]

1. e4 e6 2. d4 d5 3. exd5 exd5 4. Bd3 Nf6 5. Nf3 Be7 6. O-O O-O 7. c3 Bg4 8. Bf4 Nbd7 9. Nbd2 Re8 10. Qc2 c5 11. Bf5 Bh5 12. Rfe1 g6 13. Bd3 cxd4 14. Nxd4 Nc5 15. Be2 Nce4 16. Bxh5 Nxh5 17. Bh6 Bg5 18. Bxg5 Qxg5 19. Nxe4 dxe4 20. Qc1 Nf4 21. g3 Nh3+ 22. Kg2 Qh5 23. Qd1 Qh6 24. Qc1 g5 25. Nf5 Qe6 26. Kxh3 Qxf5+ 27. Kg2 Qf3+ 28. Kg1 Rad8 29. Re3 Qf5 30. Qe1 Rd5 31. Rd1 Red8 32. Rxd5 Rxd5 33. Kg2 Qd7 1/2-1/2

[Event "GER-ch Blitz Women 2020"]
[Site "Magdeburg"]
[Date "2020.08.15"]
[Round "14.1"]
[White "Paehtz, Elisabeth"]
[Black "Scognamiglio, Stefanie"]
[Result "1-0"]
[ECO "A46"]
[WhiteElo "2473"]
[BlackElo "2097"]
[Annotator "RC"]
[PlyCount "77"]
[EventDate "2020.07.28"]
[EventType "tourn"]
[EventCountry "GER"]
[SourceTitle "playchess.com"]
[Source "ChessBase"]
[SourceQuality "1"]
[TimeControl "180+2"]

1. d4 Nf6 2. Nf3 c5 3. c3 e6 4. Bf4 d5 5. e3 Nc6 6. Nbd2 Be7 7. Bd3 O-O 8. h4 Nh5 9. Bh2 f5 10. Ne5 Nf6 11. Bf4 cxd4 12. exd4 Ne4 13. Ndf3 Nxe5 14. Bxe5 Bd7 15. Qe2 Rc8 16. Bf4 b5 17. Bxb5 Bxb5 18. Qxb5 Bd6 19. Bxd6 Qxd6 20. Qe2 Rb8 21. O-O a5 22. Ne5 Rfc8 23. Rac1 Qe7 24. g3 f4 25. Kg2 Rf8 26. Rc2 Qc7 27. Qg4 Qd6 28. gxf4 Rf5 29. Nd3 Rbf8 30. Re2 Nf6 31. Qh3 Nh5 32. Re5 Nxf4+ 33. Nxf4 Rxf4 34. Qxe6+ Qxe6 35. Rxe6 Rxh4 36. f3 h6 37. Re5 Rb8 38. Rf2 Rb5 39. a4 1-0

[Event "GER-ch Blitz Women 2020"]
[Site "Magdeburg"]
[Date "2020.08.15"]
[Round "14.5"]
[White "Mader, Lena"]
[Black "Kosovska, Olena"]
[Result "0-1"]
[ECO "A10"]
[WhiteElo "1839"]
[BlackElo "1881"]
[Annotator "NA RC"]
[PlyCount "98"]
[EventDate "2020.07.28"]
[EventType "tourn"]
[EventCountry "GER"]
[SourceTitle "playchess.com"]
[Source "ChessBase"]
[SourceQuality "1"]
[TimeControl "180+2"]

1. c4 g6 2. Nc3 Bg7 3. g3 d6 4. Bg2 Nf6 5. Nf3 O-O 6. O-O e5 7. d3 Be6 8. Rb1 Qd7 9. Re1 Bh3 10. Bh1 Nc6 11. b4 Nh5 12. Ng5 Bg4 13. f3 Be6 14. b5 Ne7 15. e4 f5 16. Nxe6 Qxe6 17. Nd5 Nxd5 18. cxd5 Qd7 19. a4 f4 20. g4 Nf6 21. Re2 a6 22. b6 Rfc8 23. Rc2 Qxa4 24. bxc7 Rxc7 25. Rd2 Qd4+ 26. Kg2 Rac8 27. Bb2 Qe3 28. Qe2 Qxe2+ 29. Rxe2 Nd7 30. Kf2 Nc5 31. Rd1 b5 32. h4 a5 33. Ba3 b4 34. Bb2 a4 35. h5 a3 36. Ba1 b3 37. hxg6 hxg6 38. g5 b2 39. Bxb2 axb2 40. Rxb2 Na4 41. Rb4 Rc2+ 42. Kf1 Nc5 43. Rb6 Bf8 44. Bg2 Rc3 45. Bh3 Ra8 46. Be6+ Kg7 47. Rc6 Ra7 48. Rxc5 Rxd3 49. Rxd3 Re7 0-1

[Event "GER-ch Blitz Women 2020"]
[Site "Magdeburg"]
[Date "2020.08.15"]
[Round "15.5"]
[White "Kosovska, Olena"]
[Black "Voicu-Jagodzinsky, Carmen"]
[Result "0-1"]
[ECO "B23"]
[WhiteElo "1881"]
[BlackElo "2244"]
[Annotator "RC"]
[PlyCount "65"]
[EventDate "2020.07.28"]
[EventType "tourn"]
[EventCountry "GER"]
[SourceTitle "playchess.com"]
[Source "ChessBase"]
[SourceQuality "1"]
[TimeControl "180+2"]

1. e4 c5 2. Nc3 Nc6 3. f4 a6 4. Nf3 b5 5. g3 Bb7 6. Bg2 b4 7. Ne2 e6 8. O-O Nf6 9. e5 Nd5 10. c4 bxc3 11. bxc3 Be7 12. Rb1 Rb8 13. c4 Ndb4 14. Qb3 Na5 15. Qa4 Be4 16. Rb3 Bc6 17. Rxb4 Bxa4 18. Rxa4 O-O 19. Ba3 d6 20. d4 Qb6 21. exd6 Bxd6 22. d5 exd5 23. Ne5 Bxe5 24. fxe5 Nxc4 25. Bxd5 Ne3 26. Bxf7+ Rxf7 27. Rxf7 Kxf7 28. Rf4+ Kg8 29. Rf3 Qb1+ 30. Kf2 Ng4+ 31. Kg2 Nxe5 32. Rf5 Qxf5 33. Bc1 0-1

[Event "GER-ch Blitz Women 2020"]
[Site "Magdeburg"]
[Date "2020.08.15"]
[Round "15.8"]
[White "Skibbe, Diana"]
[Black "Osmanodja, Filiz"]
[Result "0-1"]
[ECO "B62"]
[WhiteElo "1991"]
[BlackElo "2293"]
[Annotator "RC"]
[PlyCount "34"]
[EventDate "2020.07.28"]
[EventType "tourn"]
[EventCountry "GER"]
[SourceTitle "playchess.com"]
[Source "ChessBase"]
[SourceQuality "1"]
[TimeControl "180+2"]

1. e4 c5 2. Nf3 d6 3. d4 cxd4 4. Nxd4 Nf6 5. Nc3 Nc6 6. Bg5 e6 7. f4 Qb6 8. Nb3 Be7 9. Bd3 h6 10. Bxf6 Bxf6 11. Qe2 Nd4 12. Nxd4 Bxd4 13. O-O-O Bxc3 14. bxc3 O-O 15. Kd2 e5 16. g4 exf4 17. h4 Bxg4 0-1

[Event "GER-ch Blitz Women 2020"]
[Site "Magdeburg"]
[Date "2020.08.15"]
[Round "16.1"]
[White "Paehtz, Elisabeth"]
[Black "Michna, Marta"]
[Result "0-1"]
[ECO "A46"]
[WhiteElo "2473"]
[BlackElo "2350"]
[Annotator "ChessBase"]
[PlyCount "140"]
[EventDate "2020.07.28"]
[EventType "tourn"]
[EventCountry "GER"]
[SourceTitle "playchess.com"]
[Source "ChessBase"]
[SourceQuality "1"]
[TimeControl "180+2"]

1. d4 Nf6 2. Nf3 d6 3. c3 g6 4. Bg5 Bg7 5. Nbd2 Nbd7 6. e4 O-O 7. Bd3 c5 8. d5 h6 9. Bh4 Nh5 10. O-O Nf4 11. Bc2 Nf6 12. a4 N6h5 13. Nc4 Rb8 14. Qd2 b6 15. Rfe1 Bg4 16. Bd1 Qd7 17. Bg3 g5 18. e5 Rbd8 19. e6 fxe6 20. Nxg5 e5 21. Ne4 Bxd1 22. Rexd1 Qf5 23. Re1 Qf7 24. Qe3 Qxd5 25. Na3 Qd3 26. Nb5 Qxe3 27. fxe3 Nd3 28. Re2 d5 29. Nf2 Nxg3 30. hxg3 Nxf2 31. Rxf2 Rxf2 32. Kxf2 Rd7 33. Rd1 a6 34. Na3 Rd6 35. Rh1 e4 36. Rh5 e6 37. Nc2 Rd8 38. Ke2 b5 39. axb5 axb5 40. Na3 b4 41. cxb4 cxb4 42. Nc2 b3 43. Nd4 Bxd4 44. exd4 Rc8 45. Rxh6 Rc2+ 46. Ke3 Kf7 47. Rh7+ Kf6 48. Rb7 Rxb2 49. g4 Rxg2 50. g5+ Rxg5 51. Kf4 Rf5+ 52. Kg4 Rf3 53. Rb8 Ke7 54. Rb6 Kd7 55. Rb8 Kc6 56. Rb4 Kd7 57. Rb7+ Kd6 58. Rb6+ Ke7 59. Rb8 Kf6 60. Rf8+ Kg6 61. Re8 Kf7 62. Rb8 Rd3 63. Kf4 Rxd4 64. Rxb3 Kf6 65. Rb6 Rd3 66. Ra6 Rf3+ 67. Kg4 Ke5 68. Rb6 Rf1 69. Rb5 e3 70. Rb2 Ke4 0-1

[Event "GER-ch Blitz Women 2020"]
[Site "Magdeburg"]
[Date "2020.08.15"]
[Round "16.2"]
[White "Osmanodja, Filiz"]
[Black "Scognamiglio, Stefanie"]
[Result "1-0"]
[ECO "B34"]
[WhiteElo "2293"]
[BlackElo "2097"]
[Annotator "ChessBase"]
[PlyCount "53"]
[EventDate "2020.07.28"]
[EventType "tourn"]
[EventCountry "GER"]
[SourceTitle "playchess.com"]
[Source "ChessBase"]
[SourceQuality "1"]
[TimeControl "180+2"]

1. e4 c5 2. Nc3 Nc6 3. Nf3 g6 4. d4 cxd4 5. Nxd4 Bg7 6. Bc4 Nxd4 7. Be3 Nc6 8. Qd5 e6 9. Qd6 a6 10. O-O-O Nge7 11. Bg5 h6 12. Bh4 O-O 13. f4 b5 14. Bb3 Re8 15. e5 Qb6 16. g4 Qe3+ 17. Kb1 Qxf4 18. Rhf1 Qxe5 19. Qd2 b4 20. Na4 d5 21. Bg3 Qd4 22. Qe2 Qa7 23. Qf3 f5 24. gxf5 Nxf5 25. Bf2 Ncd4 26. Qd3 Qc7 27. Bxd4 1-0

[Event "GER-ch Blitz Women 2020"]
[Site "Magdeburg"]
[Date "2020.08.15"]
[Round "16.5"]
[White "Voicu-Jagodzinsky, Carmen"]
[Black "Zeller, Elisa"]
[Result "1-0"]
[ECO "A05"]
[WhiteElo "2244"]
[BlackElo "1969"]
[Annotator "ChessBase"]
[PlyCount "77"]
[EventDate "2020.07.28"]
[EventType "tourn"]
[EventCountry "GER"]
[SourceTitle "playchess.com"]
[Source "ChessBase"]
[SourceQuality "1"]
[TimeControl "180+2"]

1. Nf3 Nf6 2. g3 d5 3. b3 g6 4. Bb2 Bg7 5. Bg2 O-O 6. c4 dxc4 7. bxc4 c6 8. O-O Nbd7 9. d3 Nc5 10. Qc2 Ne6 11. Nbd2 Nd7 12. Bxg7 Kxg7 13. Rab1 Qc7 14. Qc3+ Kg8 15. d4 Ng7 16. e4 e5 17. Nxe5 Nxe5 18. dxe5 Re8 19. f4 Ne6 20. c5 Bd7 21. Nf3 Rad8 22. Kh1 Bc8 23. Rbd1 Qe7 24. Rd6 Nc7 25. a4 Be6 26. Rfd1 Na6 27. Qd4 Rxd6 28. exd6 Qd7 29. Ne5 Qd8 30. Rf1 Bd7 31. h4 Nb8 32. h5 Qf6 33. h6 Rd8 34. Rb1 Bc8 35. Nf3 Qxd4 36. Nxd4 Nd7 37. Nb3 Nf6 38. Bf3 Re8 39. e5 1-0

[Event "GER-ch Blitz Women 2020"]
[Site "Magdeburg"]
[Date "2020.08.15"]
[Round "16.6"]
[White "Leib, Britta"]
[Black "Kosovska, Olena"]
[Result "0-1"]
[ECO "C55"]
[WhiteElo "1903"]
[BlackElo "1881"]
[Annotator "NA"]
[PlyCount "112"]
[EventDate "2020.07.28"]
[EventType "tourn"]
[EventCountry "GER"]
[SourceTitle "playchess.com"]
[Source "ChessBase"]
[SourceQuality "1"]
[TimeControl "180+2"]

1. e4 e5 2. Nf3 Nc6 3. Bc4 Nf6 4. d3 Be7 5. h3 O-O 6. a3 d5 7. exd5 Nxd5 8. O-O Be6 9. Re1 Bf6 10. Nbd2 Qd7 11. Ne4 Be7 12. Bb3 Nf4 13. Bxf4 exf4 14. Ba4 h6 15. Ne5 Qd5 16. Nc3 Qc5 17. Bxc6 bxc6 18. Qf3 Bg5 19. Qxc6 Qa5 20. b4 Qb6 21. Ne4 Qd4 22. Nxg5 hxg5 23. Qe4 Qc3 24. Nc6 Rfe8 25. Ne5 c5 26. bxc5 Qxc5 27. Qb4 Qc7 28. Rab1 Rab8 29. Qd2 Rbc8 30. c4 Qc5 31. Qb4 Qd4 32. Re4 Qd8 33. Nf3 Bf5 34. Rxe8+ Qxe8 35. Nxg5 Bxd3 36. Re1 Qd7 37. c5 Bg6 38. Qc3 Qc6 39. Rc1 f6 40. Nf3 Kh7 41. Nd4 Qd5 42. Nb5 a6 43. Nd6 Rc6 44. Qc4 Qe5 45. Nb7 Be4 46. Na5 Rc8 47. Qxa6 f3 48. g3 Rd8 49. Qc4 Qb2 50. Re1 Bd3 51. Qh4+ Kg8 52. Qh5 Qc3 53. Re8+ Rxe8 54. Qxe8+ Kh7 55. Qh5+ Kg8 56. c6 Qe1+ 0-1

[Event "GER-ch Blitz Women 2020"]
[Site "Magdeburg"]
[Date "2020.08.15"]
[Round "16.7"]
[White "Heinemann, Josefine"]
[Black "Muetsch, Annmarie"]
[Result "1/2-1/2"]
[ECO "C41"]
[WhiteElo "2281"]
[BlackElo "2219"]
[Annotator "ChessBase"]
[PlyCount "80"]
[EventDate "2020.07.28"]
[EventType "tourn"]
[EventCountry "GER"]
[SourceTitle "playchess.com"]
[Source "ChessBase"]
[SourceQuality "1"]
[TimeControl "180+2"]

1. e4 e5 2. Nf3 d6 3. d4 Nd7 4. Nc3 Ngf6 5. a4 Be7 6. Bc4 O-O 7. O-O a6 8. Re1 c6 9. a5 Qc7 10. h3 h6 11. Bb3 Re8 12. Be3 Bf8 13. Nh4 exd4 14. Bxd4 c5 15. Bxf6 Nxf6 16. Nd5 Nxd5 17. Bxd5 Be6 18. Bxe6 Rxe6 19. Qd2 Rae8 20. f3 g6 21. g4 Bg7 22. c3 d5 23. exd5 Qg3+ 24. Ng2 Rxe1+ 25. Rxe1 Rxe1+ 26. Qxe1 Qxg4 27. fxg4 Bf6 28. Kf1 Kf8 29. Ne3 Bd8 30. Nc4 f6 31. Ke2 Ke8 32. Ke3 Kd7 33. Ke4 f5+ 34. gxf5 gxf5+ 35. Kf4 Bg5+ 36. Kf3 h5 37. Kg3 h4+ 38. Kf3 Bd8 39. Kf4 Bf6 40. Kf3 Bd8 1/2-1/2

[Event "GER-ch Blitz Women 2020"]
[Site "Magdeburg"]
[Date "2020.08.15"]
[Round "16.8"]
[White "Zschischang, Marine"]
[Black "Birkholz, Olga"]
[Result "1-0"]
[ECO "A82"]
[WhiteElo "2070"]
[BlackElo "2001"]
[Annotator "NA"]
[PlyCount "105"]
[EventDate "2020.07.28"]
[EventType "tourn"]
[EventCountry "GER"]
[SourceTitle "playchess.com"]
[Source "ChessBase"]
[SourceQuality "1"]
[TimeControl "180+2"]

1. d4 f5 2. e4 d6 3. exf5 Bxf5 4. Bd3 Bxd3 5. Qxd3 Nf6 6. Nf3 c6 7. c3 Qc8 8. Bg5 Nbd7 9. Nbd2 g6 10. Ne4 Bg7 11. O-O O-O 12. Rae1 Rf7 13. Re2 Qf8 14. Rfe1 Nxe4 15. Qxe4 Nf6 16. Qe6 Kh8 17. h3 h6 18. Bxf6 Bxf6 19. Qg4 Kh7 20. h4 Rg7 21. Re6 Re8 22. Qe4 Kh8 23. Re2 Qg8 24. Nh2 g5 25. h5 Rf7 26. Ng4 Qg7 27. f3 d5 28. Qe3 Rff8 29. Nxf6 Rxf6 30. Rxe7 Rxe7 31. Qxe7 Rf7 32. Qe8+ Kh7 33. Re6 Rf8 34. Qg6+ Qxg6 35. hxg6+ Kg7 36. Re7+ Kxg6 37. Rxb7 Rf7 38. Rxf7 Kxf7 39. g4 Ke6 40. Kf2 Kd6 41. Kg3 Ke6 42. f4 gxf4+ 43. Kxf4 Kf6 44. b3 a6 45. c4 dxc4 46. bxc4 Ke6 47. a3 a5 48. a4 Kf6 49. d5 cxd5 50. cxd5 Ke7 51. Ke5 Kd7 52. d6 Kc6 53. Ke6 1-0

[Event "GER-ch Blitz Women 2020"]
[Site "Magdeburg"]
[Date "2020.08.15"]
[Round "17.2"]
[White "Birkholz, Olga"]
[Black "Frey, Alisa"]
[Result "1/2-1/2"]
[ECO "A45"]
[WhiteElo "2001"]
[BlackElo "2087"]
[Annotator "NA"]
[PlyCount "75"]
[EventDate "2020.07.28"]
[EventType "tourn"]
[EventCountry "GER"]
[SourceTitle "playchess.com"]
[Source "ChessBase"]
[SourceQuality "1"]
[TimeControl "180+2"]

1. d4 Nf6 2. Nc3 d5 3. Bf4 g6 4. Qd2 h6 5. e3 Bg7 6. Be2 Bf5 7. h4 e6 8. Nb5 Na6 9. Qc3 Ne4 10. Nxc7+ Nxc7 11. Qxc7 Qxc7 12. Bxc7 Rc8 13. Ba5 Rxc2 14. b3 O-O 15. Nf3 Rfc8 16. Bd3 Rc1+ 17. Ke2 Rxh1 18. Rxh1 Nc3+ 19. Bxc3 Rxc3 20. Bxf5 gxf5 21. Kd2 Rc6 22. Rc1 Bf8 23. Rxc6 bxc6 24. Ne5 c5 25. Nd7 cxd4 26. exd4 Bd6 27. Kd3 Kg7 28. Nc5 Kf6 29. b4 Ke7 30. a4 f6 31. b5 e5 32. Nb7 Bb4 33. Nc5 Kd6 34. Nb3 Be1 35. Ke2 Bc3 36. Kd3 Bb4 37. a5 Be1 38. Ke2 1/2-1/2

[Event "GER-ch Blitz Women 2020"]
[Site "Magdeburg"]
[Date "2020.08.15"]
[Round "17.3"]
[White "Muetsch, Annmarie"]
[Black "Zschischang, Marine"]
[Result "1-0"]
[ECO "C10"]
[WhiteElo "2219"]
[BlackElo "2070"]
[Annotator "ChessBase"]
[PlyCount "33"]
[EventDate "2020.07.28"]
[EventType "tourn"]
[EventCountry "GER"]
[SourceTitle "playchess.com"]
[Source "ChessBase"]
[SourceQuality "1"]
[TimeControl "180+2"]

1. e4 e6 2. d4 d5 3. Nd2 dxe4 4. Nxe4 Nd7 5. Nf3 Ngf6 6. Bd3 c5 7. Qe2 Qc7 8. c3 Nxe4 9. Qxe4 Nf6 10. Qe2 cxd4 11. Nxd4 a6 12. Bg5 Be7 13. O-O Nd5 14. Bxe7 Nxe7 15. Qh5 Bd7 16. Rfe1 Qb6 17. Nb3 1-0

[Event "GER-ch Blitz Women 2020"]
[Site "Magdeburg"]
[Date "2020.08.15"]
[Round "17.4"]
[White "Kosovska, Olena"]
[Black "Heinemann, Josefine"]
[Result "0-1"]
[ECO "B23"]
[WhiteElo "1881"]
[BlackElo "2281"]
[Annotator "ChessBase"]
[PlyCount "72"]
[EventDate "2020.07.28"]
[EventType "tourn"]
[EventCountry "GER"]
[SourceTitle "playchess.com"]
[Source "ChessBase"]
[SourceQuality "1"]
[TimeControl "180+2"]

1. e4 c5 2. Nc3 Nc6 3. f4 g6 4. Nf3 Bg7 5. Bc4 e6 6. O-O Nge7 7. d3 O-O 8. Qe1 d5 9. Bb3 a6 10. Qh4 b5 11. f5 exf5 12. Bh6 c4 13. Ng5 Bd4+ 14. Kh1 cxb3 15. Bxf8 Kxf8 16. Qxh7 Bg7 17. Qh4 d4 18. Ne2 bxa2 19. Rxa2 Ng8 20. Nh7+ Ke8 21. Qf4 Be6 22. exf5 Bxa2 23. fxg6 fxg6 24. b3 Qe7 25. Ng3 Kd8 26. Ng5 Bh6 27. Nf7+ Kc8 28. Qg4+ Kb7 29. Qxg6 Be3 30. Ne4 Kb6 31. Nfg5 Rf8 32. Nf3 Nf6 33. Qg3 Nxe4 34. dxe4 Qxe4 35. Qd6 Rd8 36. Qa3 Qxc2 0-1

[Event "GER-ch Blitz Women 2020"]
[Site "Magdeburg"]
[Date "2020.08.15"]
[Round "17.5"]
[White "Zeller, Elisa"]
[Black "Leib, Britta"]
[Result "1-0"]
[ECO "C08"]
[WhiteElo "1969"]
[BlackElo "1903"]
[Annotator "NA"]
[PlyCount "50"]
[EventDate "2020.07.28"]
[EventType "tourn"]
[EventCountry "GER"]
[SourceTitle "playchess.com"]
[Source "ChessBase"]
[SourceQuality "1"]
[TimeControl "180+2"]

1. e4 e6 2. d4 d5 3. Nd2 c5 4. exd5 exd5 5. Ngf3 Nf6 6. Bb5+ Bd7 7. Bxd7+ Nbxd7 8. O-O Be7 9. dxc5 Nxc5 10. Nb3 Nce4 11. Be3 O-O 12. Re1 b6 13. Nfd4 Rc8 14. c3 Bd6 15. Nf5 Bb8 16. g3 Qd7 17. Nbd4 Rfd8 18. Qf3 Kh8 19. Bf4 Bxf4 20. Qxf4 g6 21. Ne3 Kg7 22. f3 Nd6 23. Rad1 Qc7 24. Qg5 Nfe8 25. Nxd5 Qd7 1-0

[Event "GER-ch Blitz Women 2020"]
[Site "Magdeburg"]
[Date "2020.08.15"]
[Round "17.7"]
[White "Skibbe, Diana"]
[Black "Mader, Lena"]
[Result "0-1"]
[ECO "B15"]
[WhiteElo "1991"]
[BlackElo "1839"]
[Annotator "NA"]
[PlyCount "58"]
[EventDate "2020.07.28"]
[EventType "tourn"]
[EventCountry "GER"]
[SourceTitle "playchess.com"]
[Source "ChessBase"]
[SourceQuality "1"]
[TimeControl "180+2"]

1. e4 c6 2. d4 d5 3. Nc3 dxe4 4. Nxe4 Nf6 5. Nxf6+ exf6 6. Nf3 Bd6 7. Bd3 O-O 8. Be3 Be6 9. O-O Re8 10. c4 Nd7 11. d5 cxd5 12. cxd5 Bg4 13. h3 Bh5 14. g4 Bg6 15. Bxg6 hxg6 16. Kg2 Ne5 17. Nxe5 Bxe5 18. f4 Bxb2 19. Rb1 Rxe3 20. Rxb2 b6 21. Rd2 Qd6 22. Rf3 Rae8 23. Qg1 Re2+ 24. Rf2 Rxd2 25. Rxd2 Qxf4 26. Qd1 Re3 27. Rf2 Qg3+ 28. Kf1 Qxh3+ 29. Kg1 Rg3+ 0-1